 Dungeon Crawl Stone Soup version 0.18.1-5-g4a78601 (webtiles) character file.

101 epen the Ruffian (level 4, -1/37 HPs)
             Began as a Ghoul Gladiator on May 13, 2016.
             Slain by a giant frog (3 damage)
             ... on level 3 of the Dungeon.
             The game lasted 00:03:18 (2033 turns).

epen the Ruffian (Ghoul Gladiator)                  Turns: 2033, Time: 00:03:18

Health: -1/37      AC:  6    Str: 18    XL:     4   Next: 75%
Magic:  3/3        EV: 11    Int:  4    God:
Gold:   133        SH:  0    Dex:  9    Spells: 0 memorised, 3 levels left

rFire  . . .     SeeInvis .       - Unarmed
rCold  + . .     Gourm    .     o - +0 ring mail
rNeg   + + +     Faith    .     (no shield)
rPois  ∞         Spirit   .     b - +0 helmet
rElec  .         Dismiss  .     (no cloak)
rCorr  .         Reflect  .     (no gloves)
SustAt .         Harm     .     (no boots)
MR     .....                    (no amulet)
Stlth  ..........               (no ring)
                                (no ring)

@: rotting, not resistant to hostile enchantments, extremely unstealthy
A: rotting body, claws 1, carnivore 3, cold resistance 1, negative energy
resistance 3, slow regeneration 1, torment resistance, unbreathing
a: no special abilities


You were on level 3 of the Dungeon.
You were not hungry.

You visited 1 branch of the dungeon, and saw 3 of its levels.

You collected 133 gold pieces.

Inventory:

Missiles
 c - 3 throwing nets (quivered)
Armour
 a - a +0 leather armour
 b - a +0 helmet (worn)
 o - a +0 ring mail (worn)
Jewellery
 h - an uncursed ring of sustain attributes {unknown}
Scrolls
 e - 2 scrolls of enchant armour {unknown}
 f - a scroll of magic mapping {unknown}
 g - a scroll of enchant weapon {unknown}
 i - 2 scrolls of immolation {unknown}
 j - 5 scrolls of identify {unknown}
 k - a scroll of blinking {unknown}
 m - a scroll of remove curse {unknown}
Comestibles
 d - 3 meat rations


   Skills:
 + Level 2.5 Fighting
 - Level 1.7 Throwing
 + Level 1.5 Armour
 * Level 3.6 Dodging
 * Level 4.2 Unarmed Combat


You had 3 spell levels left.
You didn't know any spells.

Dungeon Overview and Level Annotations

Branches:
Dungeon (3/15)

Altars:

Annotations:
D:3 IjonTichy1's ghost, amateur OgBe


Innate Abilities, Weirdness & Mutations

Your body is rotting away.
You thrive on raw meat.
You are immune to poison.
You have sharp fingernails.
You are carnivorous and can eat meat at any time.
Your flesh is cold resistant.
You are immune to negative energy.
You regenerate slowly when monsters are visible.
You are immune to unholy pain and torment.
You can survive without breathing.


Message History

You scratch the giant frog.
The giant frog is lightly wounded.
The giant frog hits you.
* * * LOW HITPOINT WARNING * * *
Drink which item? (? for menu, Esc to quit)
It was a potion of curing.
You feel better. The giant frog hits you.
Drink which item? (? for menu, Esc to quit)
It was a potion of lignification.
You feel woody for a moment. The giant frog hits you!
* * * LOW HITPOINT WARNING * * *
The giant frog hits you.
* * * LOW HITPOINT WARNING * * *
You aren't carrying any potions.
You miss the giant frog.
The giant frog is lightly wounded.
The giant frog closely misses you.
You claw the giant frog!
The giant frog is severely wounded.
The giant frog hits you.
You die...

#......# #.# #......#
#.# #.##'### #.#
#.##.# # #.# #.##.#
#.####.######.##.###
##....................
#......(.............#
#####(..@F.)....##.#
#........###.##.#
#........# #.# ...
#.^......# #.# ##.
#.##### #........# #.#
#.....# #........# ..
......# #........#
......# #........#
......# #........#


You could see a giant frog.

Vanquished Creatures
  A hound (D:3)
  2 adders
  2 dart slugs
  A giant gecko (D:1)
  An orc (D:3)
  A ball python (D:2)
  2 giant cockroaches
  11 goblins
  6 hobgoblins
  4 kobolds
  A quokka (D:2)
  3 bats
  6 giant newts
  4 rats
45 creatures vanquished.

Notes
Turn   | Place    | Note
--------------------------------------------------------------
     0 | D:1      | epen the Ghoul Gladiator began the quest for the Orb.
     0 | D:1      | Reached XP level 1. HP: 17/17 MP: 0/0
   188 | D:1      | Reached XP level 2. HP: 24/24 MP: 1/1
   810 | D:2      | Reached XP level 3. HP: 14/30 MP: 2/2
  1017 | D:2      | Reached skill level 1 in Armour
  1490 | D:3      | Reached skill level 4 in Unarmed Combat
  1490 | D:3      | Reached XP level 4. HP: 14/36 MP: 3/3
  1599 | D:3      | Noticed IjonTichy1's ghost (amateur OgBe)
  2024 | D:3      | Noticed a giant frog
  2033 | D:3      | Slain by a giant frog

Skill      XL: |  1  2  3 |
---------------+----------+-----
Dodging        | 3 |  3.6
Armour         | 1 |  1.5
Unarmed Combat | 4 |  4.2
Fighting       | |  2.5
Throwing       | |  1.7

Action                   |  1- 3 |  4- 6 || total
-------------------------+-------+-------++-------
Melee: Unarmed           |    95 |    76 ||   171
       Punch             |       |     1 ||     1
  Use: Potion            |       |     2 ||     2
  Eat: Chunk             |    13 |     5 ||    18
Armor: Leather armour    |    32 |     9 ||    41
       Ring mail         |       |    23 ||    23
Dodge: Dodged            |    65 |    76 ||   141
